 Dungeon Crawl Stone Soup version 0.19-a0-19-gf75ed07 (webtiles) character file.

765 M4edhros the Martial Artist (level 7, 0/51 HPs)
             Began as a Vampire Monk on Apr 30, 2016.
             Slain by an orc warrior
             ... wielding a +0 trident
              (4 damage)
             ... on level 6 of the Dungeon.
             The game lasted 00:08:30 (1890 turns).

M4edhros the Martial Artist (Vampire Monk)          Turns: 1890, Time: 00:08:30

Health: 0/51       AC: 12    Str: 17    XL:     7   Next: 52%
Magic:  7/7        EV:  5    Int: 12    God:
Gold:   82         SH:  6    Dex: 17    Spells: 0 memorised, 6 levels left

rFire  . . .     SeeInvis +       - Unarmed
rCold  . . .     Gourm    .     n - +0 plate armour
rNeg   . . .     Faith    .     e - +2 buckler
rPois  .         Spirit   .     (no helmet)
rElec  .         Dismiss  .     (no cloak)
rCorr  .         Reflect  .     (no gloves)
SustAt .         Harm     .     c - +1 pair of boots
MR     .....                    (no amulet)
Stlth  ..........               (no ring)
                                (no ring)

@: mighty, exhausted, very slightly contaminated, regenerating quickly, hasted
and slowed, not resistant to hostile enchantments, extremely unstealthy
A: fangs 3, see invisible, unbreathing
a: no special abilities


You were on level 6 of the Dungeon.
You were very full.

You visited 1 branch of the dungeon, and saw 6 of its levels.
You also visited: Sewer.

You collected 82 gold pieces.

Inventory:

Armour
 c - a +1 pair of boots (worn)
 e - a +2 buckler (worn)
 n - a +0 plate armour (worn)
 o - a +0 robe of resistance
Wands
 d - a wand of random effects (12/48)
Scrolls
 g - 2 scrolls of random uselessness
 h - a scroll of fog
 i - a scroll of teleportation
 j - 2 scrolls of fear {unknown}
Potions
 b - a potion of magic
 k - 8 potions of blood


   Skills:
 - Level 2.6 Fighting
 - Level 3.2 Dodging
 - Level 3.0 Stealth
 + Level 10.2 Unarmed Combat


You had 6 spell levels left.
You didn't know any spells.

Dungeon Overview and Level Annotations

Branches:
Dungeon (6/15)             Temple (0/1) D:6

Altars:


Innate Abilities, Weirdness & Mutations

Your natural rate of healing is unusually fast.
You have razor-sharp teeth.
You have supernaturally acute eyesight.
You can survive without breathing.


Message History

The orc warrior hits you but does no damage.
Drink which item? (? for menu, Esc to quit)
You feel better. The orc wizard hits you with a dagger.
* * * LOW HITPOINT WARNING * * *
The orc warrior hits you but does no damage.
The orc wizard hits you but does no damage.
Drink which item? (? for menu, Esc to quit)
You feel yourself speed up.
The orc warrior hits you with a trident.
* * * LOW HITPOINT WARNING * * *
The orc wizard points at you and mumbles some strange words.
The magic dart hits you!
* * * LOW HITPOINT WARNING * * *
You are very lightly contaminated with residual magic.
Read which item? (? for menu, Esc to quit)
Okay, then.
Drink which item? (? for menu, Esc to quit)
You feel very mighty all of a sudden.
The orc warrior hits you with a trident.
You die...

........#..[....(..
.......<.......#...
#....$.......)###>..##
#.....................
#.........(...........
#.............###.....
#..........#.......###
#...###....#.8.8.8....
####...o@......!.⌠.⌠...##
.......o#######.8.>.8.##
####.!...oz......⌠.⌠.....
#.##.........8.8.8....
..$....#.#####..........
###.#........#.#.#####..
#..............# ..
#..........#.... .
#................


You could see an orc warrior and an orc wizard.

Vanquished Creatures
  A phantom (D:5)
  A sky beast (D:5)
  An ogre (D:4)
  5 wights (D:6)
  A giant frog zombie (D:5)
  An orc wizard (D:6)
  Terence (D:3)
  A worker ant (D:5)
  A worker ant zombie (D:5)
  10 adders
  2 worms (D:2)
  A dart slug (D:1)
  A giant gecko (D:2)
  5 orcs
  5 ball pythons
  3 giant cockroaches
  3 goblins
  4 hobgoblins
  7 jackals
  2 quokkas
  A bat (D:2)
  2 giant newts (Sewer)
  10 kobolds
  2 rats
  3 plants (Sewer)
74 creatures vanquished.

Notes
Turn   | Place    | Note
--------------------------------------------------------------
     0 | D:1      | M4edhros the Vampire Monk began the quest for the Orb.
     0 | D:1      | Reached XP level 1. HP: 17/17 MP: 1/1
    91 | D:2      | Reached skill level 5 in Unarmed Combat
    91 | D:2      | Reached XP level 2. HP: 1/23 MP: 2/2
   338 | D:2      | Reached XP level 3. HP: 12/28 MP: 3/3
   540 | D:3      | Noticed Terence
   577 | D:3      | Reached skill level 6 in Unarmed Combat
   617 | D:3      | Killed Terence
   617 | D:3      | Reached XP level 4. HP: 8/34 MP: 4/4
   770 | D:4      | Noticed an ogre
   778 | D:4      | Killed an ogre
   778 | D:4      | Reached skill level 7 in Unarmed Combat
   778 | D:4      | Reached XP level 5. HP: 24/39 MP: 5/5
   783 | D:5      | Entered Level 5 of the Dungeon
   904 | D:5      | Found a glowing drain.
   936 | Sewer    | Entered a sewer
  1283 | Sewer    | Reached skill level 8 in Unarmed Combat
  1296 | Sewer    | Reached XP level 6. HP: 46/46 MP: 6/6
  1693 | D:5      | Noticed a sky beast
  1751 | D:5      | Killed a sky beast
  1751 | D:5      | Reached skill level 9 in Unarmed Combat
  1787 | D:5      | Reached XP level 7. HP: 28/51 MP: 7/7
  1832 | D:6      | Found a staircase to the Ecumenical Temple.
  1879 | D:6      | Reached skill level 10 in Unarmed Combat
  1890 | D:6      | Slain by an orc warrior

Vault maps used:
D:1:      dpeg_arrival_pits, kennysheep_doodads
D:2:      first_bread
D:3:      uniq_terence, uniq_grinder
D:4:      xom_butterflies, hangedman_feature_mirror, xom_teletrap_fun,
          uniq_duvessa, uniq_natasha
D:5:      kennysheep_mini_moat, portal_sewer_entry_d, serial_glass,
          glass_columns_b, glass_columns_c
D:6:      makhleb_altar_promises_db, minmay_temple_entry_statues_fountains,
          trog_butcher_becter, uniq_edmund
Sewer:    sewer_co_scattered_pipes

Skill      XL: |  1  2  3  4  5  6  7 |
---------------+----------------------+-----
Unarmed Combat | 5 6 7 8 9 10 | 10.2
Fighting       | |  2.6
Dodging        | |  3.2
Stealth        | |  3.0

Action                   |  1- 3 |  4- 6 |  7- 9 || total
-------------------------+-------+-------+-------++-------
Melee: Unarmed           |   128 |   339 |    21 ||   488
       Bite              |    14 |    31 |     3 ||    48
Evoke: Wand              |       |     3 |       ||     3
  Use: Potion            |     9 |    11 |     5 ||    25
       Scroll            |       |     9 |       ||     9
 Stab: Distracted        |     1 |       |       ||     1
Armor: Robe              |     3 |       |       ||     3
       Ring mail         |    16 |    11 |       ||    27
       Plate armour      |       |   110 |    26 ||   136
Dodge: Dodged            |    47 |    40 |     1 ||    88
Block: Buckler           |    17 |    57 |    10 ||    84
